SAAA
AUGUSTA TIMBER HAWKS @ PURE MICHIGAN GREAT LAKERS
08/28/2024
 
TOP OF THE 1ST
Augusta Timber Hawks batting - Pitching for Pure Michigan Great Lakers : LHP Jaime Carrión
Pitching: LHP Jaime Carrión
Batting: SHB Manuel González 0-0: Called Strike
0-1: SINGLE (Groundball, 56D)
Batting: RHB Ralph McKnight 0-0: Ball
Manuel González steals 2nd base
1-0: Called Strike
1-1: Swinging Strike
1-2: Strikes out swinging
Batting: RHB Luis Tapia 0-0: Ball
1-0: Foul Ball, location: 2F
1-1: Called Strike
1-2: Ball
2-2: Strikes out swinging
Batting: RHB Hiwahikeiki Noelani 0-0: Ball
1-0: DOUBLE (Line Drive, 5L)
Manuel González scores
Batting: LHB Juan Gabriel 0-0: Called Strike
0-1: Foul Ball, location: 2F
0-2: Ball
1-2: Ball
2-2: Foul Ball, location: 2F
2-2: Strikes out looking
Top of the 1st over - 1 run(s), 2 hit(s), 0 error(s), 1 left on base; Augusta 1 - Pure Michigan 0
BOTTOM OF THE 1ST
Pure Michigan Great Lakers batting - Pitching for Augusta Timber Hawks : RHP Jorge Rosales
Pitching: RHP Jorge Rosales
Batting: SHB Valentín Guzmán 0-0: Ball
1-0: Foul Ball, location: 2F
1-1: Ball
2-1: Ball
3-1: Base on Balls
Batting: RHB Jeffery Campbell 0-0: Ball
1-0: Ball
2-0: Ball
3-0: Called Strike
3-1: Foul Ball, location: 2F
3-2: Base on Balls
Valentín Guzmán to second
Batting: LHB Mario Cruz 0-0: Foul Ball, location: 2F
0-1: Grounds into double play, 4-6-3 (Groundball, 4)
Valentín Guzmán to third
Batting: RHB Ron Ward 0-0: Called Strike
0-1: Ball
1-1: SINGLE (Line Drive, 7S)
Valentín Guzmán scores
Batting: LHB Andrés Chávez 0-0: Swinging Strike
0-1: Ground out U3 (Groundball, 3L)
Bottom of the 1st over - 1 run(s), 1 hit(s), 0 error(s), 1 left on base; Augusta 1 - Pure Michigan 1
TOP OF THE 2ND
Augusta Timber Hawks batting - Pitching for Pure Michigan Great Lakers : LHP Jaime Carrión
Batting: RHB Enrique Pimentel 0-0: Called Strike
0-1: Ball
1-1: Ball
2-1: Called Strike
2-2: Strikes out swinging, 2-3 out at first.
Batting: RHB Claudio Mendoza 0-0: Ball
1-0: Called Strike
1-1: Reached on error, E6 (Groundball, 6)
Batting: RHB Pedro Jiménez 0-0: Ball
1-0: Called Strike
1-1: Called Strike
Claudio Mendoza is caught stealing 2nd base
1-2: Fly out, F9 (Flyball, 9LM)
Top of the 2nd over - 0 run(s), 0 hit(s), 1 error(s), 0 left on base; Augusta 1 - Pure Michigan 1
BOTTOM OF THE 2ND
Pure Michigan Great Lakers batting - Pitching for Augusta Timber Hawks : RHP Jorge Rosales
Batting: RHB Ulbert Sutkamp 0-0: Ball
1-0: Foul Ball, location: 2F
1-1: Ball
2-1: Ball
3-1: Foul Ball, location: 2F
3-2: Base on Balls
Batting: RHB Javier Rivera 0-0: Foul Ball, location: 2F
0-1: Grounds into double play, 5-4-3 (Groundball, 56)
Batting: RHB Zong-yuan Fung 0-0: Ball
1-0: Ball
2-0: Ball
3-0: Base on Balls
Batting: RHB Ramiro Gonzáles 0-0: Called Strike
Zong-yuan Fung is caught stealing 2nd base
Bottom of the 2nd over - 0 run(s), 0 hit(s), 0 error(s), 0 left on base; Augusta 1 - Pure Michigan 1
TOP OF THE 3RD
Augusta Timber Hawks batting - Pitching for Pure Michigan Great Lakers : LHP Jaime Carrión
Batting: SHB Greg Henderson 0-0: Fly out, F9 (Flyball, 9LM)
Batting: SHB Manuel González 0-0: Foul Ball, location: 2F
0-1: Ball
1-1: Ball
2-1: Ball
3-1: Base on Balls
Batting: RHB Ralph McKnight 0-0: Called Strike
Manuel González steals 2nd base
0-1: Called Strike
0-2: Fly out, F8 (Flyball, 89XD)
Runner from 2nd tags up, SAFE at 3rd, no throw
Batting: RHB Luis Tapia 0-0: Called Strike
0-1: Foul Ball, location: 2F
0-2: SINGLE (Flyball, 7S)
Manuel González scores
Batting: RHB Hiwahikeiki Noelani 0-0: Called Strike
0-1: Ball
1-1: Called Strike
1-2: Foul Ball, location: 2F
1-2: Ball
2-2: Strikes out swinging
Top of the 3rd over - 1 run(s), 1 hit(s), 0 error(s), 1 left on base; Augusta 2 - Pure Michigan 1
BOTTOM OF THE 3RD
Pure Michigan Great Lakers batting - Pitching for Augusta Timber Hawks : RHP Jorge Rosales
Batting: RHB Ramiro Gonzáles 0-0: Fly out, F7 (Flyball, 78M)
Batting: SHB Valentín Guzmán 0-0: Ball
1-0: Foul Ball, location: 2F
1-1: Called Strike
1-2: Ball
2-2: Ground out 1-3 (Groundball, 15)
Batting: RHB Jeffery Campbell 0-0: Fly out, F7 (Flyball, 7M)
Bottom of the 3rd over - 0 run(s), 0 hit(s), 0 error(s), 0 left on base; Augusta 2 - Pure Michigan 1
TOP OF THE 4TH
Augusta Timber Hawks batting - Pitching for Pure Michigan Great Lakers : LHP Jaime Carrión
Batting: LHB Juan Gabriel 0-0: Ball
1-0: Ball
2-0: Swinging Strike
2-1: Ground out 1-3 (Groundball, 13)
Batting: RHB Enrique Pimentel 0-0: Ball
1-0: Fly out, F3 (Popup, 3)
Batting: RHB Claudio Mendoza 0-0: Foul Ball, location: 2F
0-1: Foul Ball, location: 2F
0-2: Fly out, F8 (Line Drive, 8LM)
Top of the 4th over - 0 run(s), 0 hit(s), 0 error(s), 0 left on base; Augusta 2 - Pure Michigan 1
BOTTOM OF THE 4TH
Pure Michigan Great Lakers batting - Pitching for Augusta Timber Hawks : RHP Jorge Rosales
Batting: LHB Mario Cruz 0-0: Ball
1-0: Called Strike
1-1: Foul Ball, location: 2F
1-2: Ground out 4-3 (Groundball, 34)
Batting: RHB Ron Ward 0-0: Ball
1-0: Swinging Strike
1-1: Swinging Strike
1-2: Foul Ball, location: 2F
1-2: Ball
2-2: Ball
3-2: Base on Balls
Batting: LHB Andrés Chávez 0-0: DOUBLE (Line Drive, 4D)
Ron Ward to third
Batting: RHB Ulbert Sutkamp 0-0: Ball
1-0: Ball
2-0: Called Strike
2-1: Fly out, F8 (Flyball, 8RXD)
Runner from 3rd tags up, SCORES, no throw
Andrés Chávez to third
Batting: RHB Javier Rivera 0-0: Called Strike
0-1: Ball
1-1: Foul Ball, location: 2F
1-2: Ball
2-2: Ball
3-2: DOUBLE (Line Drive, 7LM)
Andrés Chávez scores
Batting: RHB Zong-yuan Fung 0-0: Called Strike
0-1: Hit by Pitch
Batting: RHB Ramiro Gonzáles 0-0: Ball
1-0: Called Strike
1-1: SINGLE (Flyball, 89S)
Javier Rivera to third
Zong-yuan Fung to second
Runner from 3rd tries for Home, SAFE, no throw or cutoff
Batting: SHB Valentín Guzmán 0-0: DOUBLE (Line Drive, 9LM)
Zong-yuan Fung scores
Ramiro Gonzáles to third
Batting: RHB Jeffery Campbell 0-0: Ball
1-0: Fly out, F9 (Flyball, 89XD)
Bottom of the 4th over - 4 run(s), 4 hit(s), 0 error(s), 2 left on base; Augusta 2 - Pure Michigan 5
TOP OF THE 5TH
Augusta Timber Hawks batting - Pitching for Pure Michigan Great Lakers : LHP Jaime Carrión
Batting: RHB Pedro Jiménez 0-0: Called Strike
0-1: Foul Ball, location: 2F
0-2: Ball
1-2: Strikes out swinging
Batting: SHB Greg Henderson 0-0: Ball
1-0: Called Strike
1-1: Swinging Strike
1-2: Ball
2-2: Foul Ball, location: 2F
2-2: Ball
3-2: Ground out 5-3 (Groundball, 56)
Batting: SHB Manuel González 0-0: Called Strike
0-1: SINGLE (Groundball, 56D)
Batting: RHB Ralph McKnight 0-0: Foul Ball, location: 2F
0-1: Ball
1-1: Ball
2-1: Ball
3-1: Foul Ball, location: 2F
3-2: Foul Ball, location: 2F
3-2: Foul Ball, location: 2F
3-2: Fly out, F9 (Flyball, 89M)
Top of the 5th over - 0 run(s), 1 hit(s), 0 error(s), 1 left on base; Augusta 2 - Pure Michigan 5
BOTTOM OF THE 5TH
Pure Michigan Great Lakers batting - Pitching for Augusta Timber Hawks : RHP Jorge Rosales
Batting: LHB Mario Cruz 0-0: Ground out 1-3 (Groundball, 3S)
Batting: RHB Ron Ward 0-0: Called Strike
0-1: Called Strike
0-2: Ball
1-2: Foul Ball, location: 2F
1-2: Ball
2-2: Fly out, F9 (Flyball, 9S)
Batting: LHB Andrés Chávez 0-0: Foul Ball, location: 2F
0-1: Ball
1-1: Ball
2-1: Ball
3-1: Foul Ball, location: 2F
3-2: Base on Balls
Batting: RHB Ulbert Sutkamp 0-0: Ball
1-0: Ball
Andrés Chávez is caught stealing 2nd base
Bottom of the 5th over - 0 run(s), 0 hit(s), 0 error(s), 0 left on base; Augusta 2 - Pure Michigan 5
TOP OF THE 6TH
Augusta Timber Hawks batting - Pitching for Pure Michigan Great Lakers : LHP Jaime Carrión
Batting: RHB Luis Tapia 0-0: Ball
1-0: Ball
2-0: Called Strike
2-1: Ball
3-1: Ground out 6-3 (Groundball, 6)
Batting: RHB Hiwahikeiki Noelani 0-0: Fly out, F4 (Line Drive, 4)
Batting: LHB Juan Gabriel 0-0: Called Strike
0-1: Foul Ball, location: 2F
0-2: Foul Ball, location: 2F
0-2: Strikes out looking
Top of the 6th over - 0 run(s), 0 hit(s), 0 error(s), 0 left on base; Augusta 2 - Pure Michigan 5
BOTTOM OF THE 6TH
Pure Michigan Great Lakers batting - Pitching for Augusta Timber Hawks : RHP Jorge Rosales
Batting: RHB Ulbert Sutkamp 0-0: Ball
1-0: Fly out, F3 (Line Drive, 3)
Batting: RHB Javier Rivera 0-0: Foul Ball, location: 2F
0-1: Ball
1-1: Ball
2-1: SINGLE (Flyball, 6MD)
Batting: RHB Zong-yuan Fung 0-0: Ball
1-0: Ball
2-0: Swinging Strike
2-1: Swinging Strike
2-2: Foul Ball, location: 2F
2-2: Strikes out looking
Batting: RHB Ramiro Gonzáles 0-0: Called Strike
Javier Rivera steals 2nd base
0-1: Fly out, F6 (Popup, 6D)
Bottom of the 6th over - 0 run(s), 1 hit(s), 0 error(s), 1 left on base; Augusta 2 - Pure Michigan 5
TOP OF THE 7TH
Augusta Timber Hawks batting - Pitching for Pure Michigan Great Lakers : LHP Jaime Carrión
Batting: RHB Enrique Pimentel 0-0: Fly out, F7 (Flyball, 78M)
Batting: RHB Claudio Mendoza 0-0: Called Strike
0-1: Called Strike
0-2: Foul Ball, location: 2F
0-2: Strikes out swinging
Batting: RHB Pedro Jiménez 0-0: Ball
1-0: Called Strike
1-1: Foul Ball, location: 2F
1-2: Ball
2-2: Foul Ball, location: 2F
2-2: Foul Ball, location: 2F
2-2: Strikes out swinging
Top of the 7th over - 0 run(s), 0 hit(s), 0 error(s), 0 left on base; Augusta 2 - Pure Michigan 5
BOTTOM OF THE 7TH
Pure Michigan Great Lakers batting - Pitching for Augusta Timber Hawks : RHP Jorge Rosales
Batting: SHB Valentín Guzmán 0-0: Ball
1-0: Called Strike
1-1: Fly out, F2 (Popup, 25F)
Pitching: RHP Tom Sosa
Batting: RHB Jeffery Campbell 0-0: Called Strike
0-1: Ground out 5-3 (Groundball, 5L)
Batting: LHB Mario Cruz 0-0: Called Strike
0-1: DOUBLE (Line Drive, 89S)
Batting: RHB Ron Ward 0-0: Ball
1-0: Foul Ball, location: 2F
1-1: Ball
2-1: Swinging Strike
2-2: Foul Ball, location: 2F
2-2: Ground out 6-3 (Groundball, 6MD)
Bottom of the 7th over - 0 run(s), 1 hit(s), 0 error(s), 1 left on base; Augusta 2 - Pure Michigan 5
TOP OF THE 8TH
Augusta Timber Hawks batting - Pitching for Pure Michigan Great Lakers : LHP Jaime Carrión
Now at 2B: Bartolo Benítez
Batting: SHB Greg Henderson 0-0: SINGLE (Groundball, 34D)
Batting: SHB Manuel González 0-0: SINGLE (Flyball, 89S)
Greg Henderson to second
Batting: RHB Ralph McKnight 0-0: Foul Ball, location: 2F
0-1: Swinging Strike
0-2: Strikes out swinging
Batting: RHB Luis Tapia 0-0: Foul Ball, location: 2F
0-1: Foul Ball, location: 2F
0-2: Ball
1-2: Ball
2-2: Grounds into double play, 6-4-3 (Groundball, 6)
Top of the 8th over - 0 run(s), 2 hit(s), 0 error(s), 1 left on base; Augusta 2 - Pure Michigan 5
BOTTOM OF THE 8TH
Pure Michigan Great Lakers batting - Pitching for Augusta Timber Hawks : RHP Tom Sosa
Batting: LHB Andrés Chávez 0-0: Ball
1-0: Called Strike
1-1: Foul Ball, location: 2F
1-2: Ball
2-2: Foul Ball, location: 2F
2-2: Ball
3-2: Foul Ball, location: 2F
3-2: DOUBLE (Line Drive, 9LM)
Batting: RHB Ulbert Sutkamp 0-0: Ground out 5-3 (Groundball, 56)
Batting: RHB Javier Rivera 0-0: Swinging Strike
0-1: Swinging Strike
0-2: Foul Ball, location: 2F
0-2: Ball
1-2: Strikes out swinging
Batting: RHB Zong-yuan Fung 0-0: Ball
1-0: Called Strike
1-1: SINGLE (Groundball, 6MD)
Andrés Chávez to third
Runner from 3rd tries for Home, SAFE, no throw or cutoff
Batting: RHB Ramiro Gonzáles 0-0: Called Strike
0-1: Foul Ball, location: 2F
0-2: Ball
1-2: Ground out 6-3 (Groundball, 6D)
Bottom of the 8th over - 1 run(s), 2 hit(s), 0 error(s), 1 left on base; Augusta 2 - Pure Michigan 6
TOP OF THE 9TH
Augusta Timber Hawks batting - Pitching for Pure Michigan Great Lakers : LHP Jaime Carrión
Pitching: RHP Jim Unknown
Batting: RHB Hiwahikeiki Noelani 0-0: Ball
1-0: Reached on error, E1 (Groundball, 13)
Batting: LHB Juan Gabriel 0-0: Ball
1-0: Ball
2-0: Ball
3-0: Called Strike
3-1: Foul Ball, location: 2F
3-2: Ground out U3 (Groundball, 3L)
Hiwahikeiki Noelani to third
Batting: RHB Enrique Pimentel 0-0: Foul Ball, location: 2F
0-1: Ball
1-1: Called Strike
1-2: Strikes out swinging
Batting: RHB Claudio Mendoza 0-0: Ball
1-0: Called Strike
1-1: Called Strike
1-2: Ball
2-2: Fly out, F9 (Flyball, 9LM)
Top of the 9th over - 0 run(s), 0 hit(s), 1 error(s), 1 left on base; Augusta 2 - Pure Michigan 6
This league is powered by Out of the Park Baseball, the baseball management simulation game for PC, Mac and Linux
Monday, October 3rd, 2016 - OOTP Baseball 16.9 Build 39